 Dungeon Crawl Stone Soup version 0.30-a0-6-g7c9e10e132 (webtiles) character file.

Game seed: 11510626780368102240

140 Spectrina the Magician (level 5, 0/38 HPs)
             Began as a Djinni Venom Mage on Aug 22, 2022.
             Slain by a gnoll
             ... wielding a +0 whip
              (1 damage)
             ... on level 3 of the Dungeon.
             The game lasted 00:08:42 (1396 turns).

Spectrina the Magician (Djinni Venom Mage)          Turns: 1396, Time: 00:08:42

Health: 0/38       AC:  2    Str: 11    XL:     5   Next: 46%
Gold:   141        EV: 13    Int: 25    God:
                   SH:  0    Dex: 13

rFire   + + .      SeeInvis .    d - +8 whip of Acvitati {spect, rCorr Str+4 Int+6}
rCold   x . .      Faith    .    (no shield)
rNeg    . . .      Spirit   .    a - +0 robe
rPois   ∞          Reflect  .    (no helmet)
rElec   .          Harm     .    (no cloak)
rCorr   +          Rampage  .    (no gloves)
Will    +....                    (boots unavailable)
Stlth   ++........               (no amulet)
HPRegen 0.12/turn                f - ring of willpower
MPRegen 0.00/turn                (no ring)

@: attractive, flying
A: sickness immunity, fire resistance 2, cold vulnerability 1, float, innate
caster, HP casting, extra vitality 1
a: no special abilities


You were on level 3 of the Dungeon.
You visited 1 branch of the dungeon, and saw 4 of its levels.

You collected 141 gold pieces.

Inventory:

Hand Weapons
 d - the +8 whip of Acvitati (weapon) {spect, rCorr Str+4 Int+6}
   (You found it on level 3 of the Dungeon)

   When its wielder attacks, the weapon's spirit leaps out and strikes again.
   The spirit shares a part of any damage it takes with its wielder.
   Str:       It affects your strength (+4).
   Int:       It affects your intelligence (+6).
   rCorr:     It protects you from acid and corrosion.
Armour
 a - a +0 robe (worn)
Jewellery
 f - a ring of willpower (left hand)
Scrolls
 g - 4 scrolls of identify {unknown}
 i - a scroll of teleportation {unknown}
 j - 2 scrolls of enchant weapon {unknown}
 l - 2 scrolls of fear {unknown}
 m - a scroll of blinking {unknown}
 p - a scroll of butterflies {unknown}
Potions
 b - 2 potions of curing {unknown}
 e - a potion of ambrosia {unknown}
 h - a potion of lignification {unknown}
 k - a potion of mutation {unknown}
 n - a potion of berserk rage {unknown}
 o - a potion of resistance {unknown}


   Skills:
 + Level 1.6 Fighting
 + Level 3.1 Dodging
 + Level 2.4 Stealth
 * Level 3.2 Spellcasting
 + Level 1.4 Invocations


You couldn't memorise any spells.
You knew the following spells:

 Your Spells              Type           Power      Damage    Failure   Level
a - Sting                 Tmut/Pois      80%        1d7       2%          1
f - Scorch                Fire           40%        2d7       4%          2
l - Mephitic Cloud        Conj/Pois/Air  20%        N/A       8%          3
p - Summon Small Mammal   Summ           80%        N/A       2%          1
q - Poisonous Vapours     Pois/Air       40%        N/A       4%          2
w - Olgreb's Toxic Radia  Pois           20%        N/A       26%         4
Your spell library was empty.

Dungeon Overview and Level Annotations

Branches:
Dungeon (4/15)
 Temple: D:4-7

Altars:
Nemelex Xobeh
Okawaru


Innate Abilities, Weirdness & Mutations

You are immune to sickness and miasma.
You are immune to poison.
Your flesh is very heat resistant. (rF++)
You are vulnerable to cold. (rC-)
You float through the air rather than walking.
You learn spells naturally, not from books.
Your magical power is your life essence.
You have superior vitality. (+4 MHP)


Message History

The gnoll hits you with a +0 whip. The gnoll closely misses you.
The gnoll hits you from afar with a +0 spear.
The gnoll hits you but does no damage. The endoplasm hits you.
The gnoll hits you with a +0 whip.
Unknown command.
The adder bites you.
The gnoll hits you from afar with a +0 spear.
The endoplasm freezes you.
You are frozen.
The gnoll hits you with a +0 whip. The gnoll closely misses you.
You fly upwards.
There is a stone staircase leading down here.
Unknown command.
Okay, then.
You barely miss the endoplasm.
Your +8 whip of Acvitati {spect, rCorr Str+4 Int+6} hits the endoplasm.
The adder bites you. The gnoll misses you. The endoplasm freezes you.
You are frozen.
Unknown command.
You hit the endoplasm.
You kill the endoplasm!
The adder bites you but does no damage. The adder barely misses you.
The gnoll completely misses you.
Unknown command.
You barely miss the adder.
Your +8 whip of Acvitati {spect, rCorr Str+4 Int+6} hits the adder!
The adder barely misses you. The gnoll hits you with a +0 whip.
* * * LOW HITPOINT WARNING * * *
Unknown command.
You whack the adder!
You kill the adder!
The gnoll hits you with a +0 whip!
* * * LOW HITPOINT WARNING * * *
Unknown command.
Okay, then.
It was a potion of attraction.
You feel attractive to monsters. The gnoll hits you with a +0 whip.
You die...

## #.# #.# #....## #...♣♣PP
.###.###.# #.....# #...♣♣P.
#.#......# ##..>## #.......
.....###.# ##.## ########..♣♣P.
###'÷# #.# #..# ..........♣♣PP
...#.# #.# ##.# #####.....♣♣P
##.#.# #># ####.##.#####.....♣♣♣
...#.# #.# #...................♣
.###.###.####.#†@##########....##
...#..........#g.# ##...##
#.#####..####.#..# #...#
#.#...#### #.#..# #...# ..#._.#
####....# ##...# ##....#
#....♣.♣##########....# .######
#.#♣.....♣#..<.......## ....##
#....♣.♣..#.######.#.#.♣ .....#
#.♣.♣...♣.♣.# #.......♣♣


You could see a gnoll.

Vanquished Creatures
  A scorpion (D:4)
  4 adders
  An orc (D:4)
  7 ball pythons
  2 endoplasms (D:3)
  2 giant cockroaches
  4 goblins
  5 hobgoblins
  4 jackals (D:1)
  3 quokkas
  2 bats (D:1)
  A kobold (D:4)
  3 rats (D:2)
39 creatures vanquished.

Vanquished Creatures (others)
  3 plants (D:3)
3 creatures vanquished.

Grand Total: 42 creatures vanquished

Notes
Turn   | Place    | Note
-------+----------+-------------------------------------------
     0 | D:1      | Spectrina the Djinni Venom Mage began the quest for the
                  | Orb.
     0 | D:1      | Spectrina set off with the following spells memorised:
                  | Sting, Poisonous Vapours, Mephitic Cloud, Olgreb's Toxic
                  | Radiance.
     0 | D:1      | Reached XP level 1. HP: 15/15 MP: 0/0
   251 | D:3      | Identified the +8 whip of Acvitati {spect, rCorr Str+4
                  | Int+6}
   310 | D:2      | Reached XP level 2. HP: 21/22 MP: 0/0
   334 | D:2      | Found a faded altar of an unknown god.
   525 | D:1      | Reached XP level 3. HP: 25/26 MP: 0/0
   525 | D:1      | Learned a level 1 spell: Summon Small Mammal
   667 | D:1      | Reached skill level 1 in Fighting
   790 | D:2      | Reached skill level 1 in Invocations
   849 | D:3      | Reached XP level 4. HP: 30/32 MP: 0/0
   925 | D:4      | Noticed a scorpion
   930 | D:4      | Killed a scorpion
   931 | D:4      | Reached XP level 5. HP: 32/37 MP: 0/0
   931 | D:4      | Learned a level 2 spell: Scorch
  1301 | D:3      | Found an iron altar of Okawaru.
  1311 | D:3      | Found a sparkling altar of Nemelex Xobeh.
  1395 | D:3      | HP: 1/37 [gnoll/+0 whip (7)]
  1396 | D:3      | Slain by a gnoll

Illustrated notes

Levels and vault maps discovered:
D:1:      matt_arrival_refuge, layout_basic
D:2:      minmay_alternating_diamond, layout_rooms,
          chequers_ecumenical_altar_island
D:3:      layout_loops_ring, mainiacjoe_overflow_swirl, serial_forest,
          infiniplex_forest_clump_small, infiniplex_forest_zigzag_2,
          infiniplex_forest_corner_2, infiniplex_forest_lined_2,
          infiniplex_forest_end_2, infiniplex_forest_fountain,
          infiniplex_forest_lined_ring, infiniplex_forest_lined_3,
          infiniplex_forest_clump_medium, minmay_misc_feat_enclosed,
          minmay_statues_item, serial_bayou_pond_a, serial_bayou_ford_a
D:4:      layout_rooms, mainiacjoe_overflow_boulevard

Skill      XL: |  1  2  3  4 |
---------------+-------------+-----
Fighting       | 1 |  1.6
Stealth        | 2 |  2.4
Invocations    | 1 |  1.4
Dodging        | 3 |  3.1
Spellcasting   | 3 |  3.2

Action                   |  1- 3 |  4- 6 || total
-------------------------+-------+-------++-------
Melee: Whip              |    25 |    14 ||    39
Throw: Dart              |    10 |       ||    10
 Cast: Sting             |     9 |     1 ||    10
       Summon Small Mamm |     3 |     3 ||     6
       Poisonous Vapours |       |     2 ||     2
       Scorch            |       |     2 ||     2
  Use: Potion            |       |     1 ||     1
 Stab: Sleeping          |     1 |     1 ||     2
Armor: Robe              |     2 |     4 ||     6
Dodge: Dodged            |     6 |     9 ||    15

Table legend: (Time is in decaauts)
 A = Elapsed time spent in this place.
 B = Non-inter-level travel time spent in this place.
 C = Inter-level travel time spent in this place.
 D = Time resting spent in this place.
 E = Time spent auto-exploring this place.
 F = Levels seen in this place.
 G = Mean time per level.
                   A        B        C        D        E       F      G
               +--------+--------+--------+--------+--------+-----+--------+
         Total |   1399 |   1353 |     46 |      0 |    121 |   4 |  349.8 |
       Dungeon |   1399 |   1353 |     46 |      0 |    121 |   4 |  349.8 |
               +--------+--------+--------+--------+--------+-----+--------+

Top non-repeatable levels by time:
     D:3: 556 daAuts
     D:1: 546 daAuts
     D:2: 237 daAuts
     D:4: 58 daAuts
